 Dungeon Crawl Stone Soup version 0.18.1-50-g88ac8fd (webtiles) character file.

483921 grulito the Slayer (level 23, 0/210 HPs)
             Began as a Minotaur Fighter on July 2, 2016.
             Was the Champion of Trog.
             Splashed by an acid blob's acid (3 damage)
             ... on level 5 of the Pits of Slime on Sept 18, 2016.
             The game lasted 07:40:37 (81606 turns).

grulito the Slayer (Minotaur Fighter)              Turns: 81606, Time: 07:40:39

Health: 0/210      AC: 15    Str: 33    XL:     23   Next: 75%
Magic:  19/21      EV: 19    Int:  5    God:    Trog [******]
Gold:   2363       SH: 19    Dex: 15    Spells: 0 memorised, 22 levels left

rFire  + . .     SeeInvis .     h - +10 demon trident of Circularity {elec, Dex+3}
rCold  . . .     Gourm    .     f - +6 chain mail {MR+}
rNeg   . . .     Faith    .     d - +1 shield {AC+3}
rPois  +         Spirit   .     (helmet restricted)
rElec  .         Dismiss  .     m - +2 cloak
rCorr  +         Reflect  +     H - +0 pair of gloves
SustAt .         Harm     .     P - +0 pair of boots of the End {rPois rF+ MR- Dex+3}
MR     +....                    v - +4 amulet of reflection
Stlth  ..........               O - +4 ring of strength
                                w - ring of resist corrosion

@: exhausted, corroded, slowed, studying Long Blades, very slow, somewhat
resistant to hostile enchantments, extremely unstealthy
A: retaliatory headbutt, horns 2, rough black scales 1, deformed body, frail 1,
low mp 1, weak 1, MP-powered wands
a: Berserk, Trog's Hand, Brothers in Arms, Burn Spellbooks, Renounce Religion
}: 2/15 runes: decaying, serpentine


You were on level 5 of the Pits of Slime.
You worshipped Trog.
Trog was exalted by your worship.
You were very full.

You visited 9 branches of the dungeon, and saw 49 of its levels.
You visited 1 bazaar.
You also visited: Wizlab.

You collected 4968 gold pieces.
You spent 2605 gold pieces at shops.

Inventory:

Hand Weapons
 a - the +7 Singing Sword
   (You found it on level 3 of the Elven Halls)
 h - the +10 demon trident of Circularity (weapon) {elec, Dex+3}
   (Trog gifted it to you on level 3 of the Snake Pit)

   Occasionally, upon striking a foe, it will discharge some electrical energy
   and cause terrible harm.
   It affects your dexterity (+3).
 n - a +7 triple sword of electrocution
 X - the +13 sword of the Doom Knight {pain, -Cast MR+}
   (You took it off a skeletal warrior on level 3 of the Crypt)

   In the hands of one skilled in necromantic magic, it inflicts extra damage on
   living creatures.
   It affects your resistance to hostile enchantments.
   It prevents spellcasting.
Missiles
 N - 5 javelins of returning
 Q - 10 tomahawks of returning (quivered)
Armour
 d - a +1 shield of protection (worn)
 f - a +6 chain mail of magic resistance (worn)
 m - a +2 cloak (worn)
 H - a +0 pair of gloves (worn)
 P - the +0 pair of boots of the End (worn) {rPois rF+ MR- Dex+3}
   (You found it on level 7 of the Dungeon)

   It affects your dexterity (+3).
   It protects you from fire.
   It protects you from poison.
   It affects your resistance to hostile enchantments.
Rods
 y - a +6 rod of shadows (12/12)
   (You found it on level 8 of the Lair of Beasts)
Jewellery
 g - an uncursed ring of positive energy
 v - a +4 amulet of reflection (around neck)
 w - a ring of resist corrosion (left hand)
 I - a +6 ring of protection
 O - a +4 ring of strength (right hand)
Wands
 b - a wand of iceblast (6/15)
 l - a wand of hasting (5/9)
 t - a wand of confusion (32/48)
 z - a wand of heal wounds (0/9)
 A - a wand of teleportation (2/9)
 F - a wand of flame (10/48)
 U - a wand of paralysis (8/24)
Scrolls
 j - a scroll of summoning
 o - 3 scrolls of silence
 B - 3 scrolls of magic mapping
 G - 17 scrolls of remove curse
 K - 7 scrolls of teleportation
 R - 4 scrolls of fear
 T - a scroll of fog
 V - 3 scrolls of holy word
 Z - 8 scrolls of identify
Potions
 e - 2 potions of might
 q - 4 potions of flight
 u - a potion of resistance
 x - 5 potions of agility
 D - 2 potions of cancellation
 E - a potion of ambrosia
 L - 8 potions of curing
 Y - 6 potions of haste
Books
 p - a manual of Long Blades
Miscellaneous
 c - a box of beasts
 i - a box of beasts
 k - a phantom mirror
 s - a phial of floods
 J - a lamp of fire
 S - a fan of gales
Comestibles
 r - 7 meat rations
 C - 7 slices of pizza
 M - 8 beef jerkies


   Skills:
 - Level 25.0 Fighting
 - Level 21.0 Long Blades
   Level 10.1(16.1) Axes
 - Level 19.9(20.5) Polearms
 - Level 9.1 Throwing
 - Level 20.0 Armour
 + Level 16.5 Dodging
 + Level 11.0 Shields
 + Level 2.0 Evocations


You had 22 spell levels left.
You didn't know any spells.

Dungeon Overview and Level Annotations

Branches:
Dungeon (15/15)            Temple (0/1) D:6            Lair (8/8) D:9
  Swamp (4/4) Lair:5        Snake (4/4) Lair:5        Slime (6/6) Lair:6
    Orc (2/2) D:9             Elf (3/3) Orc:2        Vaults (4/5) D:13
  Crypt (3/3) Vaults:3       Tomb (0/3) Crypt:3      Depths (0/5) D:15

Altars:
Cheibriados
Elyvilon
Fedhas
Gozag
Kikubaaqudgha
Makhleb
Okawaru
Qazlal
Sif Muna
Trog
Yredelemnul
The Shining One
Beogh
Jiyva

Shops:
D:6 *:}[!   D:9 **!   D:14 ?   Orc:1 =   Orc:2 :}*(   Elf:1 %}(*   Elf:2 :
Vaults:1 %   Vaults:2 [

Portals:
Trove: Vaults:3 (lose all piety)

Annotations:
Snake:2 Aizul
Slime:6 Royal Jelly


Innate Abilities, Weirdness & Mutations

You reflexively headbutt those who attack you in melee.
You have a pair of horns on your head.
You are partially covered in rough black scales (AC +4, Dex -1).
Armour fits poorly on your strangely shaped body.
You are frail (-10% HP).
Your magical capacity is low (-10% MP).
You are weak. (Str -2)
You expend magic power (3 MP) to strengthen your wands.


Message History

There is a stone staircase leading up here.
The acid blob closely misses you. You block the azure jelly's attack.
The azure jelly closely misses you. You block the azure jelly's attack. x2
The azure jelly hits you. The azure jelly freezes you!!!
* * * LOW HITPOINT WARNING * * *
The azure jelly hits you.
* * * LOW HITPOINT WARNING * * *
The azure jelly freezes you!!
* * * LOW HITPOINT WARNING * * *
You block the azure jelly's attack. The azure jelly barely misses you.
The acid blob closely misses you.
You climb upwards.
There is a stone staircase leading down here.
You feel better. You block the azure jelly's attack.
The azure jelly closely misses you. You block the azure jelly's attack.
The azure jelly hits you but does no damage.
The acid blob hits you!!
* * * LOW HITPOINT WARNING * * *
You are splashed with acid!
The acid burns!
You resist.
You die...

#....## ###..####......
##....######......####....
#.......##.........##.....
##.................#......
###....................#.
##....................###
##....#......#..........##
#........J..............#.
##.......@.<..............
##.....J.............#.#.
##............#.......##
#......................
##.###.................
####.......#..........
#..<...##...#......
##......##.###.....
##......### ###...


You could see an acid blob and an azure jelly.

Vanquished Creatures
  Vashnia (Snake:3)
  A curse toe (Crypt:3)
  A bone dragon (Crypt:3)
  Jorgrun (Vaults:2)
  Xtahua (Vaults:2)
  A shard shrike zombie (Crypt:1)
  Rupert (Snake:1)
  Asterion (Vaults:2)
  14 acid blobs
  2 deep elf blademasters (Elf:3)
  A deep elf master archer (Elf:3)
  2 sphinxes (Vaults:3)
  A tentacled starspawn (WizLab)
  Gastronok (Lair:1)
  2 ancient champions (Crypt:3)
  2 thorn hunters
  Kirke (Elf:1)
  An eldritch tentacle (WizLab)
  Roxanne (Elf:2)
  8 azure jellies
  2 revenants
  22 greater nagas
  4 fire giants
  Donald (D:14)
  2 cacodemons (WizLab)
  Maud (D:13)
  A frost giant (Vaults:3)
  8 vault wardens
  8 deep elf sorcerers (Elf:3)
  A curse skull (Crypt:3)
  Louise (Swamp:1)
  2 orc warlords
  7 ghouls
  6 ironheart preservers
  5 deep elf elementalists
  7 stone giants
  5 vampire knights
  4 very ugly things
  Azrael (Elf:1)
  4 deep elf demonologists
  2 salamander stormcallers
  6 dire elephants
  9 deep elf annihilators
  7 eidola
  2 ettins
  14 deep elf death magi
  5 vault guards
  Snorg (Lair:6)
  9 yaktaur captains
  2 deep elf high priests (Elf:3)
  6 jiangshi
  4 death oozes
  Josephine (Lair:5)
  2 fire dragons
  Erolcha (Orc:1)
  9 great orbs of eyes
  Harold (Orc:1)
  14 naga warriors
  6 centaur warriors
  A quicksilver dragon skeleton (Crypt:3)
  34 hydras
  7 ogre magi
  2 anacondas
  A queen ant (Lair:5)
  6 alligators
  6 death knights
  4 death yaks (Lair:4)
  29 dancing weapons
  A tengu warrior (D:13)
  4 orc high priests (Orc:2)
  4 soul eaters
  A thrashing horror (WizLab)
  3 vampire magi
  13 naga sharpshooters
  8 shock serpents
  20 deep elf knights
  6 fire crabs
  20 skeletal warriors
  4 shadow wraiths
  A ghost moth zombie (Crypt:2)
  10 flayed ghosts
  7 unseen horrors
  A golden dragon zombie (Crypt:2)
  A hell knight (WizLab)
  A deep troll (shapeshifter) (Vaults:4)
  2 giant orange brains
  10 deep trolls
  An obsidian statue (WizLab)
  4 shambling mangroves
  5 naga ritualists
  12 swamp dragons
  A hill giant (shapeshifter) (Vaults:3)
  13 deep elf archers
  16 ironbrand convokers
  4 lindwurms (Lair:8)
  2 wolf spiders
  The ghost of Malvoorn the Poker, a novice DrSk (D:6)
  11 phantasmal warriors
  14 harpies
  7 hill giants
  A wizard (D:14)
  6 mana vipers
  17 orc knights
  A necromancer (Crypt:2)
  4 shining eyes
  A stone giant zombie (Crypt:2)
  6 orc sorcerers
  4 cyclopes
  4 hornets
  11 ugly things
  4 worldbinders (WizLab)
  64 deep elf magi
  3 manticores
  6 salamanders
  5 centaur zombies
  A salamander (shapeshifter) (Vaults:3)
  8 griffons
  40 black mambas
  20 elephants
  4 eyes of devastation
  12 guardian serpents
  16 vault sentinels
  A torpor snail (Lair:6)
  A gargoyle (D:10)
  An apocalypse crab (WizLab)
  16 naga magi
  22 spiny frogs
  A demonic crawler (WizLab)
  A dire elephant skeleton (Crypt:3)
  7 kobold demonologists
  14 komodo dragons
  3 rime drakes
  A komodo dragon (shapeshifter) (Vaults:3)
  31 yaktaurs
  A black draconian zombie (Crypt:1)
  13 freezing wraiths
  A tengu conjurer (D:14)
  8 trolls
  A hydra zombie (Crypt:2)
  A polar bear (shapeshifter) (Vaults:1)
  12 giant leeches
  A pale draconian skeleton (Crypt:1)
  A queen bee (D:9)
  A queen bee (shapeshifter) (Elf:3)
  2 spectral guardian serpents (Crypt:2)
  13 two-headed ogres
  5 polar bears (Lair:3)
  A harpy skeleton (D:15)
  A tarantella zombie (Crypt:1)
  2 alligator zombies
  24 blink frogs
  A raiju (WizLab)
  10 bog bodies
  124 slime creatures
  2 air elementals
  4 boulder beetles
  An ice dragon skeleton (Crypt:2)
  3 vampires (Vaults:3)
  A flying skull (Crypt:3)
  A spriggan (shapeshifter) (Vaults:1)
  7 shadows
  3 tarantellas
  6 wyverns
  14 wraiths
  8 redbacks
  A redback (shapeshifter) (Vaults:1)
  A ynoxinul (WizLab)
  A tarantella (shapeshifter) (D:13)
  A fire dragon skeleton (Crypt:3)
  16 humans
  5 water elementals
  3 spriggans (Swamp:2)
  6 fire elementals
  5 basilisks
  A fire bat (shapeshifter) (Vaults:4)
  11 golden eyes
  5 hogs (Elf:1)
  A hippogriff (shapeshifter) (Vaults:4)
  A hog (shapeshifter) (Vaults:3)
  64 yaks
  2 hungry ghosts
  A steam dragon (D:7)
  7 hippogriffs
  A wind drake skeleton (Crypt:2)
  3 mottled dragons
  38 vampire mosquitoes
  55 nagas
  11 wargs
  5 spatial vortices (WizLab)
  The ghost of chlorine the Magician, an amateur HEFE (D:5)
  21 swamp worms
  2 hell hounds (Elf:1)
  19 soldier ants
  13 insubstantial wisps
  10 swamp drakes
  16 water moccasins
  A torturous demonspawn skeleton (Crypt:2)
  10 porcupines
  4 sky beasts
  10 wasps
  72 orc warriors
  An ice beast (shapeshifter) (Elf:2)
  8 black bears
  6 ice beasts
  A small abomination (WizLab)
  6 eyes of draining
  A phantom (D:5)
  45 ogres
  9 necrophages
  2 boggarts (WizLab)
  5 wolves (Lair:2)
  12 centaurs
  10 crocodiles
  A human skeleton (WizLab)
  2 big kobolds
  A yaktaur zombie (Crypt:1)
  An earth elemental (Elf:3)
  22 giant frogs
  A boulder beetle zombie (Crypt:2)
  3 scorpions
  27 killer bees
  10 wights
  A hippogriff skeleton (Crypt:2)
  4 howler monkeys (D:10)
  14 crimson imps
  A wasp zombie (Crypt:1)
  A giant frog zombie (D:12)
  9 hounds
  36 jellies
  4 quasits
  10 centaur skeletons
  A human zombie (Crypt:1)
  25 orc priests
  A giant frog skeleton (D:11)
  An iron imp (WizLab)
  12 iguanas
  5 hell rats (Lair:1)
  33 orc wizards
  39 worker ants
  A felid zombie (Crypt:3)
  20 sheep
  A dwarf skeleton (Crypt:2)
  A felid skeleton (Crypt:1)
  A hound zombie (D:11)
  A hound skeleton (D:6)
  A worker ant zombie (D:8)
  5 gnolls
  16 adders
  52 river rats
  9 shadow imps
  2 white imps
  2 oozes
  A sheep zombie (Crypt:1)
  A worm (shapeshifter) (D:14)
  4 dart slugs
  4 worms
  5 giant geckos
  176 orcs
  2 ball pythons
  7 bats
  A bat skeleton (Crypt:2)
  4 giant cockroaches
  8 goblins
  6 hobgoblins
  4 jackals
  4 quokkas
  9 giant newts
  A giant newt skeleton (Crypt:2)
  3 goblin skeletons (D:6)
  4 goblin zombies (D:6)
  2 hobgoblin zombies (D:6)
  17 kobolds
  An orc skeleton (D:6)
  2 orc zombies (D:6)
  2 quokka skeletons
  A quokka zombie (Crypt:1)
  9 rats
  A river rat skeleton (Crypt:3)
  A briar patch (Swamp:2)
  5 fungi
  A lost soul (Crypt:3)
  8 plants
2346 creatures vanquished.

Vanquished Creatures (collateral kills)
  A stone giant (Orc:2)
  A dire elephant (Lair:8)
  A hydra (D:14)
  Nergalle (Orc:1)
  4 ugly things (D:15)
  2 elephants (Lair:4)
  A blink frog (Lair:4)
  A water moccasin skeleton (Crypt:3)
12 creatures vanquished.

Vanquished Creatures (others)
  Nikola (Swamp:3)
  A deep elf master archer (Elf:3)
  3 naga sharpshooters
  A deep elf knight (Vaults:4)
  An ironbrand convoker (Vaults:2)
  An orc knight (Vaults:2)
  A cyclops (D:13)
  A salamander (Snake:1)
  A spiny frog (Swamp:4)
  3 yaktaurs
  A boulder beetle (Vaults:2)
  A water elemental (Elf:3)
  An orc warrior (D:9)
  3 centaurs
  A jelly (Slime:5)
  An orc priest (Orc:2)
  An orc wizard (Vaults:2)
  A worm (shapeshifter) (Vaults:2)
  5 orcs
  5 briar patches
  1895 eldritch tentacle segments (WizLab)
  29 fungi
  2 lost souls
  18 plants
  4 starspawn tentacles (WizLab)
  7 starspawn tentacle segments (WizLab)
1989 creatures vanquished.

Grand Total: 4347 creatures vanquished

Notes
Turn   | Place    | Note
--------------------------------------------------------------
     0 | D:1      | grulito the Minotaur Fighter began the quest for the Orb.
     0 | D:1      | Reached XP level 1. HP: 19/19 MP: 0/0
    90 | D:1      | Reached skill level 4 in Fighting
   113 | D:1      | Reached XP level 2. HP: 24/27 MP: 1/1
   488 | D:2      | Reached XP level 3. HP: 22/33 MP: 2/2
   818 | D:2      | Found a blossoming altar of Fedhas.
   820 | D:2      | Found an ancient bone altar of Kikubaaqudgha.
   921 | D:2      | Found an iron altar of Okawaru.
   931 | D:2      | Reached XP level 4. HP: 40/40 MP: 3/3
  1133 | D:2      | Reached skill level 5 in Axes
  1804 | D:3      | Found a bloodstained altar of Trog.
  1813 | D:3      | Became a worshipper of Trog the Wrathful
  1939 | D:3      | Found a stormy altar of Qazlal.
  2078 | D:3      | Reached XP level 5. HP: 44/46 MP: 4/4
  2454 | D:4      | Reached * piety under Trog
  2588 | D:4      | Reached skill level 5 in Fighting
  2772 | D:4      | Reached XP level 6. HP: 36/57 MP: 5/5
  3135 | D:4      | Reached skill level 6 in Fighting
  3287 | D:5      | Entered Level 5 of the Dungeon
  3461 | D:5      | Noticed an ice beast
  3468 | D:5      | Killed an ice beast
  3468 | D:5      | Reached skill level 7 in Fighting
  3468 | D:5      | Reached XP level 7. HP: 54/66 MP: 6/6
  3684 | D:5      | Noticed chlorine's ghost (amateur HEFE)
  3718 | D:5      | Killed chlorine's ghost
  3742 | D:5      | Reached skill level 8 in Fighting
  4263 | D:6      | Found Diuwowni's Gadget Shoppe.
  4312 | D:6      | Reached XP level 8. HP: 63/75 MP: 7/7
  4650 | D:6      | Noticed Malvoorn's ghost (novice DrSk)
  4804 | D:6      | Reached ** piety under Trog
  4926 | D:6      | Killed Malvoorn's ghost
  4926 | D:6      | Reached skill level 9 in Fighting
  5269 | D:6      | Found Ixzaun's Book Shoppe.
  5282 | D:6      | Reached skill level 1 in Polearms
  5301 | D:6      | Found a glowing golden altar of the Shining One.
  5318 | D:6      | Found an opulent altar of Gozag.
  5411 | D:6      | Found Pirerigi's Distillery.
  5415 | D:6      | Found Nooblos's Antique Armour Shop.
  5420 | D:6      | Reached skill level 10 in Axes
  5423 | D:6      | Found a staircase to the Ecumenical Temple.
  5435 | D:6      | Bought 2 potions of might for 88 gold pieces
  5435 | D:6      | Bought a potion of heal wounds for 55 gold pieces
  5435 | D:6      | Bought a potion of curing for 33 gold pieces
  5527 | D:6      | Found a basalt altar of Yredelemnul.
  5662 | D:6      | Found a burning altar of Makhleb.
  5670 | D:6      | Reached skill level 10 in Fighting
  5695 | D:6      | Reached XP level 9. HP: 85/85 MP: 8/8
  5958 | D:6      | Found Fyoskeek's Assorted Antiques.
  5965 | D:6      | Bought a potion of curing for 87 gold pieces
  6110 | D:6      | Found a white marble altar of Elyvilon.
  6532 | D:7      | Reached skill level 5 in Armour
  6532 | D:7      | Reached skill level 1 in Evocations
  7120 | D:7      | Got a pair of heavily runed boots
  7126 | D:7      | Identified the +0 pair of boots of the End {rPois rF+ MR- Dex+3} (You found it on level 7 of the Dungeon)
  7414 | D:7      | Reached skill level 11 in Fighting
  7783 | D:8      | Identified Geskitib's Beginning Course on Spellweaving
  7976 | D:9      | Reached *** piety under Trog
  8196 | D:9      | Noticed a queen bee
  8225 | D:9      | Killed a queen bee
  8225 | D:9      | Reached XP level 10. HP: 89/97 MP: 8/10
  8601 | D:9      | Reached skill level 5 in Polearms
  8656 | D:9      | Found Regig's General Store.
  8659 | D:9      | Bought a scroll of teleportation for 51 gold pieces
  8659 | D:9      | Bought a scroll of identify for 34 gold pieces
  8704 | D:10     | Entered Level 10 of the Dungeon
  8704 | D:10     | Noticed a centaur warrior
  8718 | D:10     | Killed a centaur warrior
  9237 | D:10     | Noticed an unseen horror
  9249 | D:10     | Killed an unseen horror
  9257 | D:10     | Reached **** piety under Trog
  9620 | D:10     | Reached skill level 10 in Polearms
 10275 | D:11     | Noticed a six-headed hydra
 10300 | D:11     | Noticed an unseen horror
 10309 | D:11     | Reached XP level 11. HP: 53/104 MP: 11/11
 10317 | D:11     | Killed an unseen horror
 10936 | D:11     | Killed a six-headed hydra
 11491 | D:11     | Noticed a hill giant
 11498 | D:11     | Killed a hill giant
 11678 | D:12     | Noticed a centaur warrior
 11695 | D:11     | Killed a centaur warrior
 13281 | D:13     | Reached ***** piety under Trog
 13378 | D:13     | Noticed a hill giant
 13388 | D:13     | Killed a hill giant
 13388 | D:13     | Reached skill level 12 in Fighting
 13392 | D:13     | Reached skill level 1 in Throwing
 13645 | D:13     | Reached skill level 13 in Fighting
 13645 | D:13     | Reached XP level 12. HP: 104/115 MP: 12/12
 13961 | D:13     | Noticed a six-headed hydra
 13963 | D:13     | Noticed Maud
 14213 | D:14     | Reached skill level 14 in Fighting
 14239 | D:14     | Found Siubuo's Magic Scroll Emporium.
 14243 | D:14     | Found a viscous altar of Jiyva.
 14363 | D:14     | Bought a scroll of enchant weapon for 120 gold pieces
 14363 | D:14     | Bought a scroll of identify for 32 gold pieces
 14363 | D:14     | Bought a scroll of identify for 32 gold pieces
 14679 | D:14     | Received a gift from Trog
 14943 | D:14     | Reached skill level 15 in Fighting
 15245 | D:14     | Noticed an eight-headed hydra
 15401 | D:14     | Killed an 11-headed hydra
 15401 | D:14     | Reached skill level 5 in Throwing
 15688 | D:14     | Got a slimy leather armour
 15699 | D:14     | Identified the cursed +0 leather armour of Loss {rN+ MP+9 Str+2} (You found it on level 14 of the Dungeon)
 16286 | D:14     | Noticed a seven-headed hydra
 16433 | D:14     | Killed an eight-headed hydra
 16606 | D:13     | Killed Maud
 16606 | D:13     | Reached skill level 16 in Fighting
 16606 | D:13     | Reached XP level 13. HP: 101/128 MP: 13/13
 16941 | D:13     | Noticed Donald
 18003 | D:14     | Received a gift from Trog
 18396 | D:14     | Killed Donald
 18396 | D:14     | Reached skill level 17 in Fighting
 18982 | D:13     | Found a gate to the Vaults.
 19601 | D:15     | Entered Level 15 of the Dungeon
 19699 | D:15     | Reached skill level 18 in Fighting
 20576 | D:15     | Noticed a dire elephant
 20954 | D:15     | Killed a dire elephant
 21568 | D:15     | Found a staircase to the Depths.
 21744 | D:15     | Reached XP level 14. HP: 111/144 MP: 14/14
 21770 | D:15     | Received a gift from Trog
 22582 | D:14     | Received a gift from Trog
 22876 | D:9      | Found Hicyrph's Distillery.
 22880 | D:9      | Bought a potion of heal wounds for 70 gold pieces
 22880 | D:9      | Bought a potion of heal wounds for 70 gold pieces
 22880 | D:9      | Bought a potion of curing for 42 gold pieces
 22926 | D:9      | Found Ereusuk's General Store.
 22943 | D:9      | You fall through a shaft for 3 floors!
 23086 | D:9      | Found a staircase to the Lair.
 23095 | Lair:1   | Entered Level 1 of the Lair of Beasts
 23147 | Lair:1   | Reached skill level 19 in Fighting
 23174 | Lair:1   | Noticed Gastronok
 23241 | Lair:1   | Killed Gastronok
 23939 | Lair:1   | Got an ichor-stained spear
 23940 | Lair:1   | Identified the +7 spear of Duhead {pierce, Dex+5} (You found it on level 1 of the Lair of Beasts)
 24343 | Lair:2   | Reached skill level 10 in Armour
 24795 | Lair:2   | Received a gift from Trog
 26349 | Lair:3   | Reached skill level 20 in Fighting
 26674 | Lair:4   | Received a gift from Trog
 28135 | Lair:4   | Reached XP level 15. HP: 72/156 MP: 15/15
 28441 | Lair:5   | Found a staircase to the Snake Pit.
 28696 | Lair:5   | Reached ****** piety under Trog
 28720 | Lair:5   | Found a staircase to the Swamp.
 28738 | Lair:5   | Noticed Josephine
 28750 | Lair:5   | Killed Josephine
 28848 | Lair:5   | Received a gift from Trog
 29871 | Lair:6   | Found a staircase to the Slime Pits.
 29872 | Lair:6   | Found a viscous altar of Jiyva.
 30007 | Lair:6   | Noticed Snorg
 30018 | Lair:6   | Killed Snorg
 30018 | Lair:6   | Reached skill level 15 in Polearms
 30380 | Lair:6   | Received a gift from Trog
 31945 | Lair:8   | Entered Level 8 of the Lair of Beasts
 33563 | Lair:8   | Got a twitching copper amulet
 33565 | Lair:8   | Identified the amulet "Gylal" {+Rage Int+4 Slay+2} (You found it on level 8 of the Lair of Beasts)
 33726 | Lair:8   | Received a gift from Trog
 34756 | Lair:8   | Got a steaming leather armour
 34767 | Lair:8   | Identified the +3 leather armour "Diufir" {rElec Regen+ Int+4} (You found it on level 8 of the Lair of Beasts)
 34804 | Lair:8   | Identified a +6 rod of shadows (12/12) (You found it on level 8 of the Lair of Beasts)
 35625 | D:9      | Found a staircase to the Orcish Mines.
 35798 | Orc:1    | Entered Level 1 of the Orcish Mines
 35809 | Orc:1    | Reached XP level 16. HP: 163/165 MP: 16/16
 35891 | Orc:1    | Noticed Erolcha
 35903 | Orc:1    | Killed Erolcha
 36024 | Orc:2    | Entered Level 2 of the Orcish Mines
 36034 | Orc:1    | Received a gift from Trog
 36704 | Orc:2    | Found a staircase to the Elven Halls.
 36867 | Orc:2    | Received a gift from Trog
 37196 | Orc:2    | Found a roughly hewn altar of Beogh.
 37442 | Orc:2    | Found Louplawk's Assorted Antiques.
 37521 | Orc:2    | Found Xaunil's Antique Weapon Boutique.
 38447 | Orc:2    | Found a roughly hewn altar of Beogh.
 38547 | Orc:2    | Found Dadimoil's Book Boutique.
 38559 | Orc:2    | Found Joimmu's Gadget Shop.
 38570 | Orc:2    | Received a gift from Trog
 39117 | Orc:1    | Found a roughly hewn altar of Beogh.
 39205 | Orc:1    | Noticed Nergalle
 39264 | Orc:1    | Killed Nergalle
 39795 | Orc:1    | Noticed Harold
 40251 | Orc:2    | Received a gift from Trog
 40366 | Orc:1    | Killed Harold
 40742 | Orc:1    | Found Daryisy's Jewellery Shoppe.
 41191 | Snake:1  | Entered Level 1 of the Snake Pit
 41191 | Snake:1  | Found a snail-covered altar of Cheibriados.
 42146 | Snake:1  | Noticed Rupert
 42171 | Snake:1  | Paralysed by Rupert for 4 turns
 42183 | Snake:1  | Killed Rupert
 42563 | Snake:1  | Reached skill level 1 in Long Blades
 43301 | Snake:2  | Reached skill level 15 in Armour
 44355 | Snake:2  | Reached XP level 17. HP: 144/172 MP: 17/17
 45407 | Snake:3  | Reached skill level 5 in Long Blades
 45430 | Snake:3  | Noticed Aizul
 45799 | Snake:2  | Reached skill level 1 in Dodging
 45809 | Snake:2  | You fall through a shaft!
 45811 | Snake:3  | Noticed Vashnia
 46296 | Snake:3  | Killed Vashnia
 46729 | Snake:3  | Received a gift from Trog
 47197 | Snake:3  | Got a brightly glowing demon trident {god gift}
 47198 | Snake:3  | Identified the +10 demon trident of Circularity {elec, Dex+3} (Trog gifted it to you on level 3 of the Snake Pit)
 47707 | Snake:4  | Entered Level 4 of the Snake Pit
 48062 | Snake:4  | Reached skill level 5 in Dodging
 48519 | Snake:4  | Received a gift from Trog
 48745 | Snake:4  | Received a gift from Trog
 49634 | Snake:4  | Reached XP level 18. HP: 116/180 MP: 18/18
 50018 | Snake:4  | Got a serpentine rune of Zot
 50370 | Snake:4  | Received a gift from Trog
 50748 | Swamp:1  | Entered Level 1 of the Swamp
 50893 | Swamp:1  | Reached skill level 10 in Dodging
 51077 | Swamp:1  | Noticed Louise
 51084 | Swamp:1  | Killed Louise
 51435 | Swamp:2  | Received a gift from Trog
 51813 | Swamp:2  | Received a gift from Trog
 52380 | Swamp:3  | Noticed Nikola
 52678 | Swamp:3  | Killed Nikola
 53446 | Swamp:4  | Entered Level 4 of the Swamp
 53457 | Swamp:4  | Got a transparent arbalest
 53470 | Swamp:4  | Identified the cursed +1 arbalest of Irchuvipn {elec, +Inv} (You found it on level 4 of the Swamp)
 53684 | Swamp:4  | Received a gift from Trog
 54112 | Swamp:4  | Received a gift from Trog
 54622 | Swamp:4  | Received a gift from Trog
 54630 | Swamp:4  | Reached XP level 19. HP: 187/187 MP: 19/19
 54965 | Swamp:4  | Got a decaying rune of Zot
 55970 | Vaults:1 | Entered Level 1 of the Vaults
 56133 | Vaults:1 | Reached skill level 10 in Long Blades
 56156 | Vaults:1 | Received a gift from Trog
 56866 | Vaults:1 | Found Fonkecog's Food Emporium.
 56886 | Vaults:1 | Bought a bread ration for 55 gold pieces
 56886 | Vaults:1 | Bought a beef jerky for 16 gold pieces
 56886 | Vaults:1 | Bought a beef jerky for 16 gold pieces
 56886 | Vaults:1 | Bought a meat ration for 55 gold pieces
 56886 | Vaults:1 | Bought a beef jerky for 16 gold pieces
 57743 | Vaults:2 | Reached skill level 21 in Fighting
 58348 | Vaults:2 | Received a gift from Trog
 58373 | Vaults:2 | Noticed Asterion
 58392 | Vaults:2 | Killed Asterion
 58666 | Vaults:2 | Found Melasi's Antique Armour Shoppe.
 58703 | Vaults:2 | Noticed Jorgrun
 58721 | Vaults:2 | Killed Jorgrun
 58874 | Vaults:2 | Noticed Xtahua
 58914 | Vaults:2 | Killed Xtahua
 59707 | Vaults:2 | Reached XP level 20. HP: 200/200 MP: 20/20
 59972 | Vaults:3 | Received a gift from Trog
 59972 | Vaults:3 | Reached skill level 22 in Fighting
 60197 | Vaults:3 | Received a gift from Trog
 60424 | Vaults:3 | Found a portal to a secret trove of treasure.
 60965 | Vaults:3 | Found a staircase to the Crypt.
 61037 | Vaults:3 | Received a gift from Trog
 61172 | Vaults:3 | Received a gift from Trog
 61355 | Vaults:3 | Reached skill level 23 in Fighting
 62163 | Vaults:4 | Received a gift from Trog
 62303 | Vaults:4 | Reached skill level 15 in Dodging
 62579 | Vaults:4 | Found a flickering gateway to a bazaar.
 62590 | Bazaar   | Entered a bazaar
 62608 | Bazaar   | Found Daet's Magic Scroll Shoppe.
 62614 | Bazaar   | Bought a scroll of identify for 32 gold pieces
 62614 | Bazaar   | Bought a scroll of magic mapping for 56 gold pieces
 62635 | Bazaar   | Found Zuw Coz's Assorted Antiques.
 62662 | Bazaar   | Found Rimaran's Gadget Emporium.
 62662 | Bazaar   | Found Enkihyum's General Store.
 62668 | Bazaar   | Bought a bread ration for 60 gold pieces
 62668 | Bazaar   | Bought a scroll of identify for 24 gold pieces
 62676 | Bazaar   | Bought a wand of teleportation (5/9) for 324 gold pieces
 62819 | Vaults:4 | Reached skill level 24 in Fighting
 63504 | Vaults:4 | Reached XP level 21. HP: 184/214 MP: 21/21
 63638 | Vaults:4 | Identified Pempuakeni's Grimoire of Boosting Evil
 63655 | Vaults:4 | Received a gift from Trog
 64679 | Crypt:1  | Entered Level 1 of the Crypt
 65670 | Crypt:2  | Found a magical portal.
 65685 | WizLab   | Entered The Roulette of Golubria
 65691 | WizLab   | Found a corrupted altar of Lugonu.
 65811 | WizLab   | Gained mutation: You are agile. (Dex +2) [a cacodemon]
 66168 | WizLab   | Reached skill level 15 in Long Blades
 66363 | WizLab   | Received a gift from Trog
 67558 | Crypt:3  | Entered Level 3 of the Crypt
 68060 | Crypt:3  | Identified a scroll of acquirement
 68089 | Crypt:3  | Noticed a curse toe
 68632 | Crypt:3  | Noticed an ancient lich
 68824 | Crypt:3  | Killed a curse toe
 68824 | Crypt:3  | Reached XP level 22. HP: 113/223 MP: 22/22
 69064 | Crypt:3  | Got a distressingly furry plate armour
 69531 | Crypt:3  | Noticed an ancient lich
 70249 | Crypt:3  | Found a staircase to the Tomb.
 70934 | Elf:1    | Entered Level 1 of the Elven Halls
 70934 | Elf:1    | Found Doerext's Food Shoppe.
 70938 | Elf:1    | Bought a meat ration for 55 gold pieces
 70938 | Elf:1    | Bought a slice of pizza for 16 gold pieces
 70938 | Elf:1    | Bought a meat ration for 55 gold pieces
 70938 | Elf:1    | Bought a meat ration for 55 gold pieces
 71264 | Elf:1    | Found a deep blue altar of Sif Muna.
 71380 | Elf:1    | Found Keutan's Gadget Shop.
 71390 | Elf:1    | Bought a wand of hasting (7/9) for 1056 gold pieces
 71525 | Elf:1    | Found Xuxkuco's Antique Weapon Emporium.
 71536 | Elf:1    | Noticed Kirke
 71885 | Elf:1    | Found Zyqafuf's General Store.
 71943 | Elf:1    | Noticed Azrael
 71968 | Elf:1    | Killed Azrael
 72091 | Elf:1    | Killed Kirke
 72230 | Elf:2    | Noticed Roxanne
 72292 | Elf:2    | Killed Roxanne
 72780 | Elf:2    | Found Tasimem's Book Boutique.
 72926 | Elf:2    | Received a gift from Trog
 73152 | Elf:2    | Found a runed gate.
 73152 | Elf:2    | Found a runed gate.
 73153 | Elf:2    | Found a runed gate.
 73445 | Elf:2    | Received a gift from Trog
 74235 | Elf:3    | Entered Level 3 of the Elven Halls
 74892 | Elf:3    | Reached skill level 25 in Fighting
 75846 | Elf:3    | Received a gift from Trog
 75915 | Elf:3    | Reached XP level 23. HP: 229/234 MP: 23/23
 76193 | Elf:3    | Lost mutation: You are agile. (Dex +2) [a cacodemon]
 76195 | Elf:3    | Gained mutation: You are partially covered in rough black scales (AC +4, Dex -1). [a cacodemon]
 77254 | Elf:3    | Upgraded the game from 0.18.1-48-g4cf74bf to 0.18.1-50-g88ac8fd
 77388 | Elf:3    | rune
 78076 | Slime:1  | Entered Level 1 of the Pits of Slime
 78126 | Slime:1  | Received a gift from Trog
 78323 | Slime:1  | Reached skill level 5 in Shields
 78326 | Slime:1  | Gained mutation: You are weak. (Str -2) [a shining eye]
 78330 | Slime:1  | Gained mutation: Armour fits poorly on your strangely shaped body. [a shining eye]
 79477 | Slime:3  | Gained mutation: You are frail (-10% HP). [a shining eye]
 79850 | Slime:4  | Received a gift from Trog
 80292 | Slime:5  | Received a gift from Trog
 80435 | Slime:5  | Gained mutation: Your magical capacity is low (-10% MP). [a shining eye]
 80445 | Slime:5  | Gained mutation: You expend magic power (3 MP) to strengthen your wands. [a shining eye]
 80964 | Slime:4  | Received a gift from Trog
 81152 | Slime:4  | Reached skill level 10 in Shields
 81270 | Slime:6  | Entered Level 6 of the Pits of Slime
 81350 | Slime:6  | Received a gift from Trog
 81553 | Slime:6  | Found a viscous altar of Jiyva.
 81559 | Slime:6  | Noticed the Royal Jelly
 81604 | Slime:6  | HP: 9/210 [azure jelly[the Royal Jelly] (19)]
 81606 | Slime:5  | HP: 3/210 [acid blob (18)]
 81606 | Slime:5  | Splashed by an acid blob's acid

Skill      XL: |  1  2  3  4  5  6  7  8  9 10 11 12 13 14 15 16 17 18 19 20 21 22 23 |
---------------+----------------------------------------------------------------------+-----
Fighting       | 4 5 7 8 10 11 13 16 18 20 21 24 25 | 25.0
Axes           | 3 4 5 6 8 10 | 10.1
Polearms       | 1 3 10 13 17 19 | 19.9
Armour         | 4 8 12 13 15 17 19 20 | 20.0
Evocations     | 1 2 |  2.0
Throwing       | 1 5 8 9 |  9.1
Long Blades    | 3 7 8 10 17 20 21 | 21.0
Dodging        | 8 11 13 15 16 | 16.5
Shields        | 11 | 11.0

Action                   |  1- 3 |  4- 6 |  7- 9 | 10-12 | 13-15 | 16-18 | 19-21 | 22-24 || total
-------------------------+-------+-------+-------+-------+-------+-------+-------+-------++-------
Melee: War axe           |    80 |   152 |    55 |       |       |       |       |       ||   287
       Headbutt          |     8 |    33 |    48 |   163 |   684 |   462 |   478 |   320 ||  2196
       Trident           |       |       |   305 |   645 |   674 |       |       |       ||  1624
       Glaive            |       |       |       |    80 |       |       |       |       ||    80
       Spear             |       |       |       |       |  1474 |  1214 |       |       ||  2688
       Triple sword      |       |       |       |       |       |    21 |       |       ||    21
       Demon trident     |       |       |       |       |       |   912 |  1840 |   664 ||  3416
       Great sword       |       |       |       |       |       |       |    26 |   464 ||   490
Throw: Tomahawk          |       |       |     1 |     8 |    79 |    72 |    78 |    44 ||   282
Invok: Berserk           |       |       |     3 |     1 |       |     5 |     2 |     1 ||    12
       Burn Spellbooks   |       |       |     1 |     1 |     5 |     3 |     2 |     4 ||    16
       Brothers in Arms  |       |       |       |     4 |     4 |     3 |       |       ||    11
Evoke: Wand              |       |       |     3 |     7 |     8 |    15 |    26 |    11 ||    70
       Lamp of fire      |       |       |       |       |       |     1 |     1 |       ||     2
  Use: Scroll            |       |     8 |     9 |    18 |    20 |    20 |    22 |     4 ||   101
       Potion            |       |       |     7 |     5 |     8 |     5 |     7 |     4 ||    36
 Stab: Distracted        |       |       |       |     1 |       |     1 |       |     1 ||     3
       Confused          |       |       |       |       |     1 |       |       |       ||     1
       Held in net/web   |       |       |       |       |       |     1 |       |       ||     1
  Eat: Bread ration      |       |     2 |     5 |     2 |     4 |       |     7 |     3 ||    23
       Chunk             |       |       |     4 |       |     9 |     1 |       |       ||    14
       Fruit             |       |       |       |     8 |     8 |       |       |     5 ||    21
       Royal jelly       |       |       |       |     3 |     6 |       |     3 |     1 ||    13
       Meat ration       |       |       |       |       |     3 |     9 |     4 |     5 ||    21
       Pizza             |       |       |       |       |     4 |     2 |       |       ||     6
       Beef jerky        |       |       |       |       |       |    11 |       |       ||    11
Armor: Scale mail        |    37 |    60 |    49 |       |       |       |       |       ||   146
       Chain mail        |       |       |    52 |   258 |   482 |   655 |   449 |   422 ||  2318
       Skin              |       |       |       |     3 |       |       |       |       ||     3
       Plate armour      |       |       |       |       |    87 |       |       |       ||    87
Dodge: Dodged            |    27 |    42 |    91 |   147 |   295 |   529 |   654 |   472 ||  2257
Block: Shield            |    33 |    95 |   139 |   204 |       |       |    41 |   323 ||   835
       Reflection        |       |       |       |     5 |    20 |    73 |    60 |    22 ||   180
       Buckler           |       |       |       |    61 |   597 |   735 |   468 |       ||  1861
       Other             |       |       |       |    11 |       |     6 |     2 |    64 ||    83
